 Dungeon Crawl Stone Soup version 0.22.0-38-g04b72b8 (webtiles) character file.

77 Fang the Skirmisher (level 4, -4/29 HPs)
             Began as a Gargoyle Berserker on Aug 30, 2018.
             Was a Believer of Trog.
             Slain by a worm (9 damage)
             ... on level 2 of the Dungeon.
             The game lasted 00:01:08 (1085 turns).

Fang the Skirmisher (Gargoyle Berserker)            Turns: 1085, Time: 00:01:08

Health: -4/29      AC:  5    Str: 22    XL:     4   Next: 34%
Magic:  4/4        EV: 12    Int:  7    God:    Trog [**....]
Gold:   41         SH:  0    Dex:  9    Spells: 3/3 levels left

rFire    . . .     SeeInvis .   a - +0 hand axe
rCold    . . .     Gourm    .   (no shield)
rNeg     + . .     Faith    .   b - +0 animal skin
rPois    ∞         Spirit   .   (no helmet)
rElec    +         Reflect  .   (no cloak)
rCorr    .         Harm     .   (no gloves)
MR       .....                  (no boots)
Stlth    +.........             (no amulet)
HPRegen  0.09/turn              (no ring)
MPRegen  0.09/turn              (no ring)

@: berserk cooldown, slowed, very slow
A: negative energy resistance 1, electricity resistance, unbreathing,
petrification resistance, rot immunity, AC +3
a: Berserk, Trog's Hand, Renounce Religion


You were on level 2 of the Dungeon.
You worshipped Trog.
Trog was pleased with you.
You were not hungry.

You visited 1 branch of the dungeon, and saw 2 of its levels.

You collected 41 gold pieces.

Inventory:

Hand Weapons
 a - a +0 hand axe (weapon)
Armour
 b - a +0 animal skin (worn)
Jewellery
 j - a +2 amulet of reflection {unknown}
 l - an uncursed ring of wizardry {unknown}
Scrolls
 e - a scroll of fog {unknown}
 h - 2 scrolls of blinking {unknown}
 i - a scroll of immolation {unknown}
 k - 2 scrolls of teleportation {unknown}
Potions
 d - a potion of cancellation {unknown}
 f - 2 potions of mutation {unknown}
 g - 2 potions of curing {unknown}
Comestibles
 c - 6 rations
 m - a chunk of flesh


   Skills:
 + Level 4.0 Fighting
 + Level 3.8 Axes
 + Level 2.4 Armour
 + Level 2.0 Dodging


You had 3 spell levels left.
You didn't know any spells.
Your spell library was empty.

Dungeon Overview and Level Annotations

Branches:
Dungeon (2/15)

Altars:
The Shining One


Innate Abilities, Weirdness & Mutations

You are resistant to torment.
Your stone body is resilient. (AC +3)
You are immune to poison.
You resist negative energy. (rN+)
You are resistant to electric shocks. (rElec)
You can survive without breathing.
You are immune to petrification.
You are immune to rotting.


Message History

You are too injured to fight recklessly!
You are too injured to fight recklessly!
You are too injured to fight recklessly!
You are too injured to fight recklessly!
You are too injured to fight recklessly!
You are too injured to fight recklessly!
You are too injured to fight recklessly!
You are too injured to fight recklessly!
You are too injured to fight recklessly!
You barely miss the worm.
The worm is moderately wounded.
The worm bites you but does no damage.
You hit the worm.
The worm is heavily wounded.
The worm bites you!
* * * LOW HITPOINT WARNING * * *
You slash the worm!
The worm is almost dead.
The worm bites you!
You die...

.. #. #.## .... #.. .#
##.## #..> #.. .##...#
#... #.. #..###. ...
..## ##.# #. #..
#.###..###. #..
#..#.##...#
...##..#######.#.####.##
....$.w@.).......# #.#
......####..##.### #.#
..... #..#.#.# #.# ....
#...# #[# #.# ##. #..##
#%. ..# # #.#. ######
....). ###.###


You could see a worm.

Vanquished Creatures
  An adder (D:2)
  3 gnolls (D:2)
  A dart slug (D:2)
  2 giant cockroaches (D:1)
  6 goblins
  A hobgoblin (D:1)
  7 jackals (D:1)
  7 bats
  3 frilled lizards
  3 kobolds (D:1)
  2 rats (D:1)
36 creatures vanquished.

Notes
Turn   | Place    | Note
-------+----------+-------------------------------------------
     0 | D:1      | Fang the Gargoyle Berserker began the quest for the Orb.
     0 | D:1      | Reached XP level 1. HP: 14/14 MP: 1/1
   296 | D:1      | Reached XP level 2. HP: 19/19 MP: 2/2
   712 | D:1      | Reached XP level 3. HP: 22/24 MP: 3/3
   784 | D:2      | Reached ** piety under Trog
   832 | D:2      | Found a glowing golden altar of the Shining One.
  1063 | D:2      | Reached XP level 4. HP: 29/29 MP: 4/4
  1064 | D:2      | Reached skill level 4 in Fighting
  1085 | D:2      | Slain by a worm

Skill      XL: |  1  2  3  4 |
---------------+-------------+-----
Axes           | 3 |  3.8
Fighting       | 4 |  4.0
Dodging        | 2 |  2.0
Armour         | |  2.4

Action                   |  1- 3 |  4- 6 || total
-------------------------+-------+-------++-------
Melee: Hand axe          |    81 |    12 ||    93
Invok: Berserk           |     1 |       ||     1
  Eat: Chunk             |       |     1 ||     1
Armor: Animal skin       |    43 |     1 ||    44
Dodge: Dodged            |    65 |     4 ||    69
